[ PARTIDA AOE2 · #460612404 ]
UnrankedVikingos vs Incas
Equipo del jugador · DERR
Equipo rival · VICT
[ ANÁLISIS DE REPETICIÓN · EXTRAÍDO DE LA PARTIDA GRABADA ]
Feudal
9:13
Castillos
15:13
Imperial
—
| APM promedio | 54.0 |
| APM pico | 82 |
| eAPM promedio | 26.0 |
| Aldeanos / militares | 84 / 73 |
Foco
⚔️ 38.3% · 🌾 61.7%
Archer ×38 · Berserk ×21 · Skirmisher ×9 · Monk ×4 · Battering Ram ×1
Feudal
9:25
Castillos
20:26
Imperial
34:43
| APM promedio | 55.3 |
| APM pico | 82 |
| eAPM promedio | 27.6 |
| Aldeanos / militares | 106 / 30 |
Foco
⚔️ 42.8% · 🌾 57.2%
Unknown (2550) ×21 · Scorpion ×13 · Archer ×10 · Monk ×4 · Kamayuk ×2 · Trebuchet (Packed) ×1
Mapa de la partida
Recursos iniciales + cada clic de construcción. Líneas = muros · curvas = relieve. ◆ oro · ⬟ piedra · ● bayas · ✦ reliquia · ◌ hueco del cierre
Tu base· Abierta — flanco sin cerrar
Base de [cM] Flash_br· Abierta — flanco sin cerrar
Terreno inicial suavizado · ◌ = hueco del cierre detectado · pasá el cursor para detalles
Inputs por minuto
— aDT_Flempopo - - [cM] Flash_br
Build order — aDT_Flempopo
Primeras 150 de 249 acciones detectadas
| 0:58 | Construir | Town Center |
| 1:43 | Construir | House |
| 1:45 | Construir | House |
| 2:27 | Crear | Villager (Male) |
| 2:31 | Crear | Villager (Male) |
| 2:33 | Crear | Villager (Male) |
| 2:51 | Crear | Villager (Male) |
| 2:51 | Crear | Villager (Male) |
| 4:02 | Crear | Villager (Male) |
| 4:13 | Crear | Villager (Male) |
| 4:28 | Crear | Villager (Male) |
| 4:40 | Crear | Villager (Male) |
| 4:49 | Construir | Lumber Camp |
| 4:55 | Construir | House |
| 4:59 | Crear | Villager (Male) |
| 5:07 | Crear | Villager (Male) |
| 5:14 | Construir | House |
| 6:05 | Construir | Mill |
| 6:17 | Crear | Villager (Male) |
| 6:48 | Investigar | Loom |
| 7:03 | Investigar | Feudal Age |
| 7:40 | Investigar | Loom |
| 8:06 | Crear | Villager (Male) |
| 9:13 | Edad | Edad Feudal |
| 9:25 | Crear | Villager (Male) |
| 9:36 | Construir | Market |
| 9:40 | Crear | Villager (Male) |
| 9:43 | Investigar | Double-Bit Axe |
| 10:20 | Crear | Villager (Male) |
| 10:33 | Construir | Blacksmith |
| 10:40 | Crear | Villager (Male) |
| 11:35 | Construir | Barracks |
| 11:37 | Crear | Villager (Male) |
| 11:58 | Crear | Villager (Male) |
| 12:29 | Investigar | Castle Age |
| 12:38 | Construir | Archery Range |
| 13:13 | Investigar | Fletching |
| 13:30 | Crear | Villager (Male) |
| 13:42 | Construir | Archery Range |
| 13:45 | Crear | Skirmisher |
| 14:16 | Crear | Skirmisher |
| 14:19 | Construir | House |
| 14:31 | Crear | Skirmisher |
| 14:40 | Crear | Skirmisher |
| 14:55 | Investigar | Padded Archer Armor |
| 15:01 | Crear | Skirmisher |
| 15:02 | Crear | Villager (Male) |
| 15:13 | Edad | Edad de los Castillos |
| 15:17 | Investigar | Bodkin Arrow |
| 15:20 | Crear | Skirmisher |
| 15:57 | Crear | Skirmisher |
| 16:06 | Construir | House |
| 16:41 | Crear | Skirmisher |
| 16:42 | Crear | Villager (Male) |
| 17:08 | Crear | Skirmisher |
| 17:14 | Crear | Archer |
| 17:14 | Crear | Archer |
| 17:25 | Crear | Villager (Male) |
| 17:38 | Crear | Archer |
| 17:38 | Crear | Archer |
| 17:57 | Construir | House |
| 18:02 | Construir | Town Center |
| 18:09 | Crear | Archer |
| 18:12 | Crear | Villager (Male) |
| 18:40 | Investigar | Horse Collar |
| 18:44 | Crear | Archer |
| 19:01 | Crear | Villager (Male) |
| 19:03 | Crear | Villager (Male) |
| 19:09 | Construir | Farm |
| 19:10 | Construir | Farm |
| 19:19 | Construir | Farm |
| 19:33 | Crear | Archer |
| 19:33 | Crear | Archer |
| 19:46 | Crear | Archer |
| 19:58 | Crear | Archer |
| 20:14 | Construir | Farm |
| 20:35 | Crear | Villager (Male) |
| 20:59 | Construir | Farm |
| 20:59 | Construir | Farm |
| 20:59 | Construir | Farm |
| 21:00 | Construir | Farm |
| 21:00 | Construir | Farm |
| 21:00 | Construir | Farm |
| 21:00 | Construir | Farm |
| 21:09 | Crear | Archer |
| 21:09 | Crear | Archer |
| 21:29 | Crear | Villager (Male) |
| 21:37 | Crear | Archer |
| 21:43 | Crear | Villager (Male) |
| 21:47 | Crear | Villager (Male) |
| 21:49 | Construir | House |
| 21:56 | Crear | Archer |
| 22:17 | Crear | Villager (Male) |
| 22:35 | Construir | Castle |
| 22:39 | Crear | Villager (Male) |
| 22:42 | Crear | Archer |
| 22:49 | Crear | Archer |
| 22:50 | Crear | Archer |
| 22:53 | Crear | Villager (Male) |
| 22:58 | Construir | Farm |
| 23:00 | Construir | Farm |
| 23:03 | Crear | Archer |
| 23:05 | Crear | Villager (Male) |
| 23:25 | Crear | Villager (Male) |
| 23:36 | Construir | Mining Camp |
| 23:39 | Crear | Villager (Male) |
| 23:40 | Crear | Villager (Male) |
| 23:46 | Construir | Farm |
| 24:12 | Crear | Villager (Male) |
| 24:18 | Construir | Monastery |
| 24:22 | Crear | Archer |
| 24:24 | Crear | Archer |
| 24:24 | Crear | Villager (Male) |
| 24:26 | Crear | Villager (Male) |
| 24:37 | Construir | Farm |
| 24:50 | Crear | Berserk |
| 24:50 | Crear | Berserk |
| 24:55 | Construir | Farm |
| 25:01 | Crear | Monk |
| 25:04 | Construir | Farm |
| 25:11 | Construir | Farm |
| 25:13 | Crear | Villager (Male) |
| 25:19 | Construir | Farm |
| 25:40 | Investigar | Crossbowman (upgrade) |
| 25:42 | Crear | Villager (Male) |
| 25:50 | Crear | Berserk |
| 25:53 | Crear | Archer |
| 25:53 | Crear | Archer |
| 26:02 | Crear | Monk |
| 26:08 | Construir | Farm |
| 26:10 | Construir | Farm |
| 26:23 | Crear | Villager (Male) |
| 26:35 | Investigar | Squires |
| 26:36 | Crear | Archer |
| 26:36 | Crear | Archer |
| 26:37 | Crear | Villager (Male) |
| 26:37 | Crear | Villager (Male) |
| 26:37 | Crear | Villager (Male) |
| 27:02 | Crear | Villager (Male) |
| 27:02 | Crear | Villager (Male) |
| 27:11 | Crear | Villager (Male) |
| 27:31 | Crear | Berserk |
| 27:31 | Crear | Berserk |
| 27:32 | Crear | Berserk |
| 27:35 | Construir | Farm |
| 27:42 | Construir | Lumber Camp |
| 27:50 | Construir | Farm |
| 27:52 | Crear | Villager (Male) |
| 27:55 | Construir | House |
| 27:59 | Crear | Villager (Male) |
Build order — [cM] Flash_br
Primeras 150 de 271 acciones detectadas
| 0:36 | Construir | Town Center |
| 0:59 | Construir | House |
| 1:23 | Construir | House |
| 1:33 | Construir | House |
| 1:46 | Crear | Villager (Male) |
| 1:46 | Crear | Villager (Male) |
| 1:46 | Crear | Villager (Male) |
| 1:47 | Crear | Villager (Male) |
| 1:47 | Crear | Villager (Male) |
| 2:32 | Crear | Villager (Male) |
| 2:33 | Crear | Villager (Male) |
| 3:03 | Crear | Villager (Male) |
| 3:04 | Crear | Villager (Male) |
| 3:39 | Crear | Villager (Male) |
| 3:39 | Crear | Villager (Male) |
| 3:39 | Crear | Villager (Male) |
| 4:04 | Construir | House |
| 4:17 | Crear | Villager (Male) |
| 4:17 | Crear | Villager (Male) |
| 4:38 | Crear | Villager (Male) |
| 4:59 | Construir | Settlement |
| 5:05 | Crear | Villager (Male) |
| 5:25 | Crear | Villager (Male) |
| 6:15 | Crear | Villager (Male) |
| 6:18 | Construir | House |
| 6:48 | Investigar | Loom |
| 6:48 | Investigar | Feudal Age |
| 7:14 | Construir | Settlement |
| 7:42 | Construir | House |
| 7:59 | Construir | House |
| 8:11 | Construir | Barracks |
| 8:31 | Crear | Villager (Male) |
| 8:31 | Crear | Villager (Male) |
| 9:25 | Edad | Edad Feudal |
| 9:27 | Crear | Unit 2550 |
| 9:30 | Construir | Archery Range |
| 9:32 | Crear | Villager (Male) |
| 9:50 | Construir | Blacksmith |
| 9:53 | Crear | Villager (Male) |
| 10:12 | Crear | Archer |
| 10:20 | Crear | Villager (Male) |
| 10:27 | Investigar | Fletching |
| 10:27 | Investigar | Fletching |
| 10:27 | Investigar | Fletching |
| 10:30 | Crear | Archer |
| 10:41 | Crear | Villager (Male) |
| 10:51 | Construir | Settlement |
| 10:57 | Crear | Villager (Male) |
| 11:15 | Crear | Archer |
| 11:26 | Crear | Villager (Male) |
| 11:32 | Investigar | Double-Bit Axe |
| 11:32 | Investigar | Double-Bit Axe |
| 11:50 | Crear | Archer |
| 11:58 | Crear | Villager (Male) |
| 12:03 | Construir | Settlement |
| 12:20 | Crear | Archer |
| 12:26 | Crear | Villager (Male) |
| 13:15 | Crear | Villager (Male) |
| 13:16 | Crear | Archer |
| 13:20 | Construir | Market |
| 13:29 | Crear | Archer |
| 13:41 | Crear | Villager (Male) |
| 13:43 | Crear | Archer |
| 13:45 | Crear | Villager (Male) |
| 13:46 | Construir | Farm |
| 13:47 | Construir | Farm |
| 14:04 | Crear | Villager (Male) |
| 14:20 | Investigar | Padded Archer Armor |
| 14:20 | Investigar | Padded Archer Armor |
| 14:43 | Construir | Farm |
| 14:44 | Investigar | Horse Collar |
| 14:44 | Investigar | Horse Collar |
| 14:48 | Crear | Villager (Male) |
| 14:52 | Crear | Archer |
| 14:58 | Construir | Farm |
| 15:00 | Construir | Farm |
| 15:02 | Crear | Villager (Male) |
| 15:04 | Construir | Farm |
| 15:06 | Construir | Farm |
| 15:17 | Crear | Villager (Male) |
| 15:45 | Crear | Villager (Male) |
| 15:50 | Construir | Farm |
| 15:51 | Construir | Farm |
| 15:51 | Construir | Farm |
| 15:51 | Construir | Farm |
| 15:53 | Crear | Archer |
| 16:02 | Crear | Villager (Male) |
| 16:05 | Construir | Farm |
| 16:06 | Construir | Farm |
| 16:47 | Crear | Villager (Male) |
| 17:10 | Crear | Villager (Male) |
| 17:46 | Investigar | Castle Age |
| 17:47 | Investigar | Castle Age |
| 18:13 | Construir | Barracks |
| 18:18 | Investigar | Stone Mining |
| 18:19 | Investigar | Gold Mining |
| 18:22 | Crear | Unit 2550 |
| 18:26 | Investigar | Tech 1402 |
| 18:27 | Investigar | Tech 1402 |
| 18:33 | Construir | Farm |
| 18:47 | Investigar | Scale Mail Armor |
| 18:48 | Investigar | Scale Mail Armor |
| 18:54 | Crear | Unit 2550 |
| 18:59 | Crear | Unit 2550 |
| 19:18 | Crear | Unit 2550 |
| 19:20 | Crear | Unit 2550 |
| 19:49 | Crear | Unit 2550 |
| 19:50 | Crear | Unit 2550 |
| 20:11 | Crear | Unit 2550 |
| 20:12 | Crear | Unit 2550 |
| 20:26 | Edad | Edad de los Castillos |
| 20:34 | Investigar | Tech 1351 |
| 20:44 | Investigar | Squires |
| 21:00 | Crear | Unit 2550 |
| 21:00 | Crear | Unit 2550 |
| 21:02 | Crear | Villager (Male) |
| 21:07 | Construir | Town Center |
| 21:34 | Crear | Unit 2550 |
| 21:35 | Crear | Unit 2550 |
| 21:44 | Construir | Farm |
| 21:46 | Crear | Villager (Male) |
| 22:18 | Construir | Monastery |
| 22:30 | Crear | Villager (Male) |
| 22:44 | Construir | Farm |
| 22:45 | Construir | Farm |
| 22:45 | Construir | Farm |
| 22:45 | Construir | Farm |
| 22:45 | Construir | Farm |
| 22:48 | Crear | Monk |
| 22:58 | Crear | Villager (Male) |
| 23:03 | Construir | Farm |
| 23:11 | Crear | Villager (Male) |
| 23:11 | Crear | Villager (Male) |
| 23:14 | Construir | Farm |
| 23:29 | Crear | Villager (Male) |
| 23:30 | Crear | Villager (Male) |
| 23:38 | Construir | Farm |
| 23:55 | Crear | Villager (Male) |
| 23:55 | Crear | Villager (Male) |
| 23:57 | Crear | Unit 2550 |
| 24:06 | Construir | Farm |
| 24:06 | Construir | Farm |
| 24:06 | Construir | Farm |
| 24:08 | Crear | Villager (Male) |
| 24:12 | Construir | Farm |
| 24:23 | Investigar | Chain Mail Armor |
| 24:23 | Investigar | Chain Mail Armor |
| 24:23 | Investigar | Chain Mail Armor |
| 24:31 | Crear | Villager (Male) |
| 24:49 | Investigar | Forging |
Cronología de la partida
| 8:11 | [cM] Flash_br · first_building Barracks |
| 9:13 | aDT_Flempopo · age_up feudal |
| 9:25 | [cM] Flash_br · age_up feudal |
| 9:30 | [cM] Flash_br · first_building Archery Range |
| 11:35 | aDT_Flempopo · first_building Barracks |
| 12:38 | aDT_Flempopo · first_building Archery Range |
| 13:40 | aDT_Flempopo · first_market_sell 500 stone |
| 13:41 | aDT_Flempopo · first_market_buy 100 wood |
| 15:13 | aDT_Flempopo · age_up castle |
| 17:19 | [cM] Flash_br · first_market_buy 100 food |
| 20:26 | [cM] Flash_br · age_up castle |
| 20:33 | [cM] Flash_br · first_market_sell 100 stone |
| 22:18 | [cM] Flash_br · first_building Monastery |
| 22:35 | aDT_Flempopo · first_building Castle |
| 24:18 | aDT_Flempopo · first_building Monastery |
| 25:59 | [cM] Flash_br · first_building Siege Workshop |
| 32:36 | [cM] Flash_br · first_building Castle |
| 33:57 | aDT_Flempopo · first_building Siege Workshop |
| 34:43 | [cM] Flash_br · age_up imperial |
| 35:09 | aDT_Flempopo · resign |
[ ANÁLISIS IA · 1 CRÉDITO ]
¿Qué pasó realmente en esta partida?
Wolo.gg analiza cada decisión: build order, eco, micro, errores típicos por bracket. Análisis personalizado por WhatsApp o Discord en 30 segundos.
Guía civ
Vikingos
Perfil
Jugador #896261